 Dungeon Crawl Stone Soup version 0.30-a0-954-gcf5f444c16 (webtiles) character file.

Game seed: 14955093774504328668

24235 Grohoret the Protected (level 12, 0/107 HPs)
             Began as a Minotaur Fighter on Mar 29, 2023.
             Was a High Priest of Qazlal.
             Slain by a vault guard
             ... wielding a +0 war axe
              (8 damage)
             ... on level 13 of the Dungeon.
             The game lasted 00:36:37 (14340 turns).

Grohoret the Protected (Minotaur Fighter)          Turns: 14340, Time: 00:36:38

Health: 0/107      AC: 17    Str: 32    XL:     12   Next: 78%
Magic:  17/17      EV: 15    Int: 10    God:    Qazlal [*****.]
Gold:   1070       SH: 12    Dex: 10    Spells: 11/11 levels left

rFire   . . .      SeeInvis .    E - +4 long sword (chaos)
rCold   . . .      Faith    .    c - +1 buckler
rNeg    . . .      Spirit   .    s - +3 ring mail "Asast" {rElec Int+5}
rPois   .          Reflect  .    (helmet restricted)
rElec   +          Rampage  .    p - +2 cloak {rCorr}
rCorr   +                        (no gloves)
Will    .....                    (no boots) Stlth
                                 (no amulet)
HPRegen 0.37/turn                m - +6 ring of strength
MPRegen 0.15/turn                (no ring)

@: protected from physical damage, repel missiles
A: horns 2, retaliatory headbutt
a: Renounce Religion, Upheaval, Elemental Force, Disaster Area


You were on level 13 of the Dungeon.
You worshipped Qazlal.
Qazlal was extremely pleased with you.
You visited 1 branch of the dungeon, and saw 13 of its levels.

You collected 1070 gold pieces.

Inventory:

Hand Weapons
 a - a +0 long sword of flaming
 E - a +4 long sword of chaos (weapon)
 L - the +3 flail of Hiomot {flame, rC+ rN+ Will++}
   (You found it on level 11 of the Dungeon)

   rC:        It protects you from cold.
   rN:        It protects you from negative energy.
   Will:      It greatly increases your willpower.
Armour
 c - a +1 buckler (worn)
 k - a scarf of shadows
 p - a +2 cloak of preservation (worn)
 s - the +3 ring mail "Asast" (worn) {rElec Int+5}
   (You found it on level 3 of the Dungeon)

   Int:       It affects your intelligence (+5).
   rElec:     It insulates you from electricity.
 C - a +2 plate armour
Jewellery
 m - a +6 ring of strength (left hand)
 A - a ring of fire
Wands
 v - a wand of digging (8)
 y - a wand of light (1)
 B - a wand of iceblast (2)
 D - a wand of flame (23)
 G - a wand of charming (2)
 J - a wand of polymorph (5)
Scrolls
 b - a scroll of fog {unknown}
 g - 3 scrolls of torment
 h - a scroll of fear
 i - 2 scrolls of vulnerability
 l - a scroll of amnesia {unknown}
 n - 4 scrolls of blinking
 o - 2 scrolls of teleportation
 t - 2 scrolls of magic mapping {unknown}
 x - a scroll of enchant weapon
 M - a scroll of immolation
 N - a scroll of butterflies {unknown}
 O - a scroll of noise {unknown}
Potions
 d - 5 potions of cancellation
 e - 3 potions of mutation
 f - 6 potions of flight
 j - a potion of ambrosia
 r - 4 potions of brilliance
 u - 7 potions of curing
 w - 2 potions of might
 z - 3 potions of attraction
 H - a potion of invisibility {unknown}
 I - 2 potions of berserk rage {unknown}
 K - a potion of resistance {unknown}
Miscellaneous
 q - a piece from Xom's chessboard (15/15)


   Skills:
 + Level 10.3 Fighting
 + Level 10.9 Long Blades
 * Level 13.5 Armour
 + Level 12.1 Dodging
 - Level 6.1 Shields
 + Level 8.9 Invocations


You had 11 spell levels left.
You didn't know any spells.
Your spell library contained the following spells:

 Spells                   Type           Power      Damage    Failure   Level
 Ignite Poison            Fire/Tmut/Pois 0%         N/A       88%         3
 Summon Guardian Golem    Hex/Summ       0%         N/A       88%         3
 Sticky Flame             Conj/Fire      0%         2d3       99%         4
 Orb of Destruction       Conj           0%         9d5       100%        7
 Spellforged Servitor     Conj/Summ      0%         N/A       100%        7
 Ignition                 Fire           0%         3d3       100%        8


Dungeon Overview and Level Annotations

Branches:
Dungeon (13/15)            Temple (0/1) D:4            Lair (0/5) D:11
    Orc (0/2) D:11         Vaults (0/5) D:13

Altars:
Ashenzari
Kikubaaqudgha
Qazlal
Ru
Trog
Uskayaw
Vehumet
Xom
The Shining One

Shops:
D:2 :   D:8 :


Innate Abilities, Weirdness & Mutations

You have a pair of horns on your head.
You reflexively headbutt those who attack you in melee.


Message History

* * * LOW HITPOINT WARNING * * *
You feel more protected from physical attacks.
You barely miss the vault guard.
You headbutt the vault guard, but do no damage.
The vault guard is lightly wounded.
The vault guard hits you with a +0 war axe!
* * * LOW HITPOINT WARNING * * *
You hit the vault guard. Your headbutt misses the vault guard.
The vault guard is moderately wounded.
You hit the vault guard but do no damage.
Lightning courses through the vault guard!
You headbutt the vault guard!
The vault guard is heavily wounded.
You block the vault guard's attack.
You feel better.
The vault guard hits you with a +0 war axe.
* * * LOW HITPOINT WARNING * * *
You feel better. You block the vault guard's attack.
You feel better. You block the vault guard's attack.
You barely miss the vault guard.
The vault guard is heavily wounded.
The vault guard barely misses you.
You hit the vault guard but do no damage.
You drain the vault guard.
The vault guard is heavily wounded.
The vault guard misses you.
You closely miss the vault guard.
The vault guard is heavily wounded.
The vault guard hits you with a +0 war axe!
* * * LOW HITPOINT WARNING * * *
You hit the vault guard. You burn the vault guard.
You headbutt the vault guard.
The vault guard is severely wounded.
The vault guard is engulfed in blazing flames.
The vault guard is engulfed in blazing flames.
The vault guard hits you with a +0 war axe!
* * * LOW HITPOINT WARNING * * *
The vault guard is engulfed in blazing flames.
The vault guard hits you with a +0 war axe!
You die...

..~......######..#
........p# #..# #..~~....#
#..#
≈~..~....######..#########
≈≈~.......................
≈≈~~.###.†######..........
~≈≈ #.)# #.......... ~
#)°# #..........
#p@######..........
≈~###..°§..............
≈~~...†.☼○..............
.~..............<...####
~~..........#####...####
~~~.........#####.......
≈~~.....................
~≈~#####################
.~~


You could see 2 vault guards.

Vanquished Creatures
  2 vault guards
  A hydra (D:13)
  2 centaur warriors (D:13)
  6 two-headed ogres
  3 boulder beetles
  Lodul (D:12)
  Pikel (D:8)
  3 deep elf pyromancers (D:12)
  2 ugly things
  A manticore (D:11)
  2 cyclopes (D:12)
  A water nymph (shapeshifter) (D:13)
  Maggie (D:8)
  2 komodo dragons
  An efreet (D:13)
  3 meliai
  3 trolls
  2 hornets
  A wraith (D:10)
  A shadow (D:12)
  A wyvern (D:11)
  10 yaks
  Grum (D:9)
  A golden eye (shapeshifter) (D:11)
  A yak (shapeshifter) (D:13)
  2 steam dragons
  3 vampire mosquitoes (D:12)
  Menkaure (D:5)
  5 water moccasins
  An acid dragon (D:11)
  An ice beast (D:8)
  5 orc warriors
  10 ogres
  3 black bears
  2 wolves
  13 centaurs
  3 lemures (D:8)
  3 phantoms
  A kobold brigand (D:9)
  2 gnoll sergeants
  4 bullfrogs
  11 wights
  6 killer bees (D:10)
  3 howler monkeys
  3 hounds
  A gnoll bouda (D:4)
  7 orc priests
  Crazy Yiuf (D:5)
  2 iguanas (D:5)
  6 orc wizards
  2 sleepcaps (D:6)
  12 gnolls
  9 adders
  A shadow imp (D:6)
  A white imp (D:8)
  2 worms
  3 dart slugs
  47 orcs
  13 endoplasms
  2 giant cockroaches
  9 goblins
  9 hobgoblins
  10 jackals
  6 ball pythons
  4 bats
  6 frilled lizards
  17 kobolds
  An orc zombie (D:12)
  4 rats
  2 bushes (D:4)
  A butterfly (D:3)
313 creatures vanquished.

Vanquished Creatures (others)
  7 fungi (D:11)
  8 plants (D:11)
15 creatures vanquished.

Grand Total: 328 creatures vanquished

Notes
Turn   | Place    | Note
-------+----------+-------------------------------------------
     0 | D:1      | Grohoret the Minotaur Fighter began the quest for the Orb.
     0 | D:1      | Reached XP level 1. HP: 19/19 MP: 0/0
   214 | D:1      | Reached skill level 1 in Dodging
   214 | D:1      | Reached XP level 2. HP: 20/26 MP: 1/1
   714 | D:2      | Found Soqu's Vocational Training.
   825 | D:2      | Found a stormy altar of Qazlal.
   847 | D:2      | Became a worshipper of Qazlal Stormbringer
   985 | D:2      | Found a faded altar of an unknown god.
  1051 | D:2      | Reached XP level 3. HP: 31/31 MP: 2/2
  1061 | D:2      | Reached skill level 4 in Armour
  1537 | D:3      | Found a radiant altar of Vehumet.
  1626 | D:3      | Found a shimmering altar of Xom.
  1640 | D:3      | Reached * piety under Qazlal
  1657 | D:3      | Identified the +3 ring mail "Asast" {rElec Int+5}
  1750 | D:3      | Reached XP level 4. HP: 39/39 MP: 3/3
  1989 | D:4      | Found a broken altar of Ashenzari.
  1993 | D:4      | Noticed an ogre
  2001 | D:4      | Killed an ogre
  2002 | D:4      | Reached skill level 1 in Invocations
  2002 | D:4      | Reached XP level 5. HP: 45/45 MP: 3/5
  2383 | D:4      | Found a sacrificial altar of Ru.
  2603 | D:4      | Found a staircase to the Ecumenical Temple.
  3069 | D:5      | Entered Level 5 of the Dungeon
  3097 | D:5      | Reached XP level 6. HP: 48/51 MP: 6/6
  3316 | D:5      | Reached ** piety under Qazlal
  3317 | D:5      | Reached skill level 5 in Shields
  3380 | D:5      | Reached skill level 5 in Armour
  3670 | D:5      | Noticed Menkaure
  3684 | D:5      | Killed Menkaure
  3685 | D:5      | Reached XP level 7. HP: 14/57 MP: 7/7
  3852 | D:5      | Found a runed translucent door.
  3853 | D:5      | Noticed Crazy Yiuf
  3960 | D:5      | Killed Crazy Yiuf
  4073 | D:6      | Reached skill level 5 in Dodging
  4283 | D:6      | Found a hide-covered altar of Uskayaw.
  4359 | D:6      | Reached skill level 5 in Long Blades
  4401 | D:6      | Reached XP level 8. HP: 57/64 MP: 9/9
  4657 | D:6      | Reached skill level 6 in Armour
  5549 | D:7      | Reached XP level 9. HP: 62/72 MP: 11/11
  5836 | D:7      | Reached skill level 5 in Fighting
  5836 | D:7      | Reached skill level 7 in Armour
  6231 | D:8      | Paralysed by a hornet for 3 turns
  6451 | D:8      | Found a glowing golden altar of the Shining One.
  6547 | D:8      | Reached *** piety under Qazlal
  6548 | D:8      | Reached skill level 5 in Invocations
  6548 | D:8      | Found Kisikit's Book Shoppe.
  6824 | D:8      | Noticed Pikel
  6875 | D:8      | Killed Pikel
  7265 | D:9      | Noticed Grum
  7419 | D:9      | Noticed Maggie
  7419 | D:9      | Noticed a boulder beetle
  7430 | D:8      | Killed Maggie
  7600 | D:9      | Reached XP level 10. HP: 82/83 MP: 13/13
  7625 | D:9      | Killed a boulder beetle
  7626 | D:9      | Reached skill level 8 in Armour
  7961 | D:9      | Killed Grum
  8460 | D:10     | Entered Level 10 of the Dungeon
  8460 | D:10     | Noticed a two-headed ogre
  8558 | D:10     | Found a bloodstained altar of Trog.
  8651 | D:10     | Noticed a two-headed ogre
  8664 | D:10     | Killed a two-headed ogre
  8665 | D:10     | Reached skill level 10 in Dodging
  9183 | D:10     | Identified the +0 pair of boots of Xouqal {Int+2}
  9243 | D:10     | Reached skill level 9 in Armour
  9338 | D:10     | Reached **** piety under Qazlal
  9441 | D:10     | Killed a two-headed ogre
  9442 | D:10     | Reached XP level 11. HP: 89/93 MP: 13/15
  9658 | D:10     | Found an ancient bone altar of Kikubaaqudgha.
  9859 | D:11     | Noticed a two-headed ogre
  9886 | D:11     | Killed a two-headed ogre
  9887 | D:11     | Reached skill level 10 in Armour
 10390 | D:11     | Noticed a two-headed ogre
 10402 | D:11     | Killed a two-headed ogre
 10521 | D:11     | Found a staircase to the Lair.
 10612 | D:11     | Identified the +3 flail of Hiomot {flame, rC+ rN+ Will++}
 10645 | D:11     | Reached skill level 11 in Armour
 10645 | D:11     | Reached ***** piety under Qazlal
 10719 | D:11     | Found a staircase to the Orcish Mines.
 10860 | D:12     | Noticed a two-headed ogre
 10860 | D:12     | Noticed a deep elf pyromancer
 10903 | D:12     | Noticed Lodul
 10916 | D:12     | Killed Lodul
 11135 | D:12     | Noticed a green ugly thing
 11146 | D:12     | Killed a green ugly thing
 11303 | D:12     | Killed a two-headed ogre
 11842 | D:12     | Reached XP level 12. HP: 104/104 MP: 16/16
 11855 | D:12     | Noticed a boulder beetle
 11875 | D:12     | Killed a boulder beetle
 11876 | D:12     | Reached skill level 10 in Long Blades
 12081 | D:12     | Reached skill level 12 in Armour
 13015 | D:13     | Noticed a two-headed ogre
 13024 | D:13     | Killed a two-headed ogre
 13030 | D:13     | Noticed a centaur warrior
 13035 | D:13     | Found a gate to the Vaults.
 13036 | D:13     | Noticed a centaur warrior
 13036 | D:13     | Noticed a four-headed hydra
 13036 | D:13     | Noticed a vault guard
 13036 | D:13     | Noticed a vault guard
 13036 | D:13     | Noticed a vault guard
 13036 | D:13     | Noticed a vault guard
 13036 | D:13     | Noticed a boulder beetle
 13046 | D:13     | Killed a centaur warrior
 13068 | D:12     | Killed a boulder beetle
 13617 | D:13     | Killed a vault guard
 13618 | D:13     | Killed a centaur warrior
 13628 | D:12     | Reached skill level 10 in Fighting
 13628 | D:12     | Reached skill level 13 in Armour
 13634 | D:12     | Killed a vault guard
 14026 | D:13     | Killed a one-headed hydra
 14340 | D:13     | Slain by a vault guard

Illustrated notes

Levels and vault maps discovered:
D:1:      nagdon_arrival_double_spiral, layout_loops_ring
D:2:      layout_loops_ring, basic_altar,
          hellmonk_ecumenical_altar_slurped_away, nicolae_shop_vocational
D:3:      layout_basic, mainiacjoe_overflow_tiny_flanked, xom_butterflies
D:4:      layout_basic, ashenzari_altar_1, amcnicky_altar_gilded, temple_hall,
          kennysheep_path_1, minmay_hedge_maze, minmay_misc_feat_iff
D:5:      layout_basic, minmay_liquid_box, uniq_crazy_yiuf_cottage,
          uniq_menkaure
D:6:      corexii_shack_village, layout_gridville,
          nicolae_overflow_hidden_temple
D:7:      layout_loops_ring, columned_hall_lemuel,
          minmay_misc_feat_secret_circle, minmay_misc_feat_hallway, minivault_1
D:8:      layout_basic, nicolae_tso_carved_into_rock, serial_shops,
          nicolae_shop_hallway_plus, uniq_pikel
D:9:      layout_cave_pools, uniq_maggie, uniq_grum
D:10:     layout_loops_ring, lemuel_round_altar, trog_hazing_becter,
          chequers_arboretum
D:11:     layout_roguey, grunt_lair_entry_orc_guard_hut, hiddenorc1_lemuel
D:12:     layout_stronghold, kennysheep_small_circle, uniq_lodul
D:13:     layout_long_grid, lightli_vaults_fourway_checkpoint,
          gauntlet_entry_generic, chequers_serial_rivers_large_a,
          minmay_fractal_squares_diagonal_5

Skill      XL: |  1  2  3  4  5  6  7  8  9 10 11 12 |
---------------+-------------------------------------+-----
Dodging        | 1 2 3 4 5 7 9 10 11 12 | 12.1
Shields        | 4 5 6 |  6.1
Armour         | 4 5 6 7 9 11 13 | 13.5
Long Blades    | 3 4 5 6 7 8 9 10 | 10.9
Invocations    | 1 2 3 4 5 6 7 8 |  8.9
Fighting       | 4 6 7 9 10 | 10.3

Action                     |  1- 3 |  4- 6 |  7- 9 | 10-12 || total
---------------------------+-------+-------+-------+-------++-------
  Melee: Long sword        |   115 |   259 |   240 |   522 ||  1136
         Headbutt          |    13 |    71 |    37 |   109 ||   230
 Invoke: Upheaval          |       |       |       |     3 ||     3
  Evoke: Wand              |       |       |     3 |     3 ||     6
    Use: Scroll            |     3 |     4 |     7 |     9 ||    23
         Potion            |       |     3 |       |     6 ||     9
   Stab: Invisible         |       |       |     1 |       ||     1
         Paralysed         |       |       |       |     3 ||     3
 Armour: Scale mail        |    50 |       |       |       ||    50
         Ring mail         |     1 |    65 |    87 |   154 ||   307
         Skin              |       |     5 |       |       ||     5
  Dodge: Dodged            |    56 |    52 |   131 |   311 ||   550
         Repelled          |       |       |       |     7 ||     7
  Block: Buckler           |    27 |    36 |    99 |   332 ||   494

Table legend: (Time is in decaauts)
 A = Elapsed time spent in this place.
 B = Non-inter-level travel time spent in this place.
 C = Inter-level travel time spent in this place.
 D = Time resting spent in this place.
 E = Time spent auto-exploring this place.
 F = Levels seen in this place.
 G = Mean time per level.
                   A        B        C        D        E       F      G
               +--------+--------+--------+--------+--------+-----+--------+
         Total |  14474 |  13660 |    814 |   3570 |   7776 |  13 | 1113.4 |
       Dungeon |  14474 |  13660 |    814 |   3570 |   7776 |  13 | 1113.4 |
               +--------+--------+--------+--------+--------+-----+--------+

Top non-repeatable levels by time:
    D:12: 3240 daAuts
     D:8: 1681 daAuts
    D:10: 1313 daAuts
     D:4: 1195 daAuts
     D:7: 1138 daAuts
    D:11: 1058 daAuts
     D:5: 989 daAuts
     D:6: 976 daAuts
     D:2: 752 daAuts
     D:1: 726 daAuts
     D:9: 707 daAuts
     D:3: 480 daAuts
    D:13: 215 daAuts
